 Dungeon Crawl Stone Soup version 0.19.1-1-g22dce08 (webtiles) character file.

4240 sveltemanboy the Summoner (level 10, 0/73 HPs)
             Began as a Green Draconian Summoner on Jan 7, 2017.
             Was a Believer of Ashenzari.
             Slain by a swamp drake (12 damage)
             ... on level 9 of the Dungeon.
             The game lasted 00:33:48 (10975 turns).

sveltemanboy the Summoner (DrSu)                   Turns: 10975, Time: 00:33:49

Health: 0/73       AC: 10    Str: 11    XL:     10   Next: 9%
Magic:  12/13      EV: 14    Int: 20    God:    Ashenzari [**....]
Gold:   792        SH:  0    Dex: 12    Spells: 4 memorised, 2 levels left

rFire  . . .     SeeInvis +     E - +1 trident
rCold  . . .     Gourm    .     (armour unavailable)
rNeg   . . .     Faith    .     (no shield)
rPois  +         Spirit   .     t - +1 hat (curse)
rElec  .         Reflect  .     G - +0 cloak (curse)
rCorr  .         Harm     .     g - +0 pair of gloves (curse)
MR     .....                    (no boots)
Stlth  ++........               v - amulet of magic regeneration
                                s - +2 ring of intelligence (curse)
                                d - ring of see invisible (curse)

@: repel missiles
A: breathe noxious fumes, unfitting armour, poison resistance, cold-blooded, AC
+7
a: Breathe Noxious Fumes, Curse Item, Scrying, Renounce Religion


You were on level 9 of the Dungeon.
You worshipped Ashenzari.
Ashenzari was pleased with you.
You were not hungry.

You visited 2 branches of the dungeon, and saw 10 of its levels.
You also visited: Sewer and Ossuary.

You collected 848 gold pieces.
You spent 56 gold pieces at shops.

Inventory:

Hand Weapons
 E - a +1 trident (weapon)
Armour
 g - a cursed +0 pair of gloves (worn)
 t - a cursed +1 hat (worn)
 G - a cursed +0 cloak (worn)
Jewellery
 d - a cursed ring of see invisible (left hand)
 s - a cursed +2 ring of intelligence (right hand)
 v - an amulet of magic regeneration (around neck)
Wands
 a - a wand of paralysis (12/24)
 f - a wand of random effects (37/48)
 h - a wand of confusion (14/48)
 p - a wand of iceblast (8/15)
 D - a wand of lightning (6/15)
 F - a wand of flame (17/48)
Scrolls
 c - 3 scrolls of magic mapping
 j - 2 scrolls of remove curse
 k - 2 scrolls of fear
 m - 2 scrolls of enchant weapon
 o - a scroll of teleportation
 q - 3 scrolls of blinking
 w - a scroll of silence {unknown}
 x - 2 scrolls of amnesia
 y - 3 scrolls of identify
 B - 2 scrolls of recharging {unknown}
Potions
 e - 2 potions of berserk rage
 i - 3 potions of curing
 l - a potion of cure mutation
 u - a potion of flight
 I - a potion of brilliance
 J - a potion of magic {unknown}
Books
 C - a book of Air

   Spells                             Type                      Level
   a - Shock                          Conjuration/Air              1
   b - Swiftness                      Charms/Air                   2
   c - Repel Missiles                 Charms/Air                   2
   d - Static Discharge               Conjuration/Air              3
   e - Lightning Bolt                 Conjuration/Air              5
Comestibles
 b - 9 bread rations
 n - 3 meat rations
 r - 3 royal jellies
 z - 2 slices of pizza
 A - 3 chunks of flesh
 H - 8 beef jerkies


   Skills:
 - Level 2.0 Fighting
 * Level 8.9 Polearms
 - Level 3.0(4.2) Dodging
 - Level 1.7(2.8) Stealth
 - Level 2.0 Spellcasting
 + Level 11.6(12.9) Summonings


You had 2 spell levels left.
You knew the following spells:

 Your Spells              Type           Power        Failure   Level  Hunger
b - Call Imp              Summ           ######..     1%          2    ##.....
c - Call Canine Familiar  Summ           ######..     1%          3    ###....
d - Summon Ice Beast      Ice/Summ       ####....     12%         4    #####..
e - Repel Missiles        Chrm/Air       #.....       24%         2    ##.....


Dungeon Overview and Level Annotations

Branches:
Dungeon (9/15)             Temple (1/1) D:4             Orc (0/2) D:9
   Lair: D:8-11

Altars:
Ashenzari
Cheibriados
Elyvilon
Fedhas
Gozag
Hepliaklqana
Kikubaaqudgha
Makhleb
Nemelex Xobeh
Okawaru
Qazlal
Ru
Sif Muna
Trog
Uskayaw
Vehumet
Xom
Yredelemnul
Zin
The Shining One

Shops:
D:4 }!:}*   D:9 %


Innate Abilities, Weirdness & Mutations

You can breathe blasts of noxious fumes.
Your lurid green scales are hard. (AC +7)
You cannot fit into any form of body armour.
Your system is resistant to poisons. (rPois)
You are cold-blooded and may be slowed by cold attacks.


Message History

You miss the killer bee.
Your tail-slap misses the killer bee.
The killer bee is severely wounded.
The killer bee stings you!
* * * LOW HITPOINT WARNING * * *
The killer bee closely misses you.
Your wolf bites the killer bee.
The killer bee dies!
The killer bee misses you.
Your crimson imp blinks!
The orc hits your white imp with a club.
The killer bee stings you!
* * * LOW HITPOINT WARNING * * *
Your wolf bites the killer bee!
The killer bee dies!
Your white imp gestures at the orc.
The puff of frost hits the orc.
The orc dies!
Your wolf barely misses the swamp drake.
You see here a killer bee corpse.
You swap places.
Your wolf bites the swamp drake!
The swamp drake bites you!
You die...

* ≈ * #......### ≈ #####.## **
#.# #.# #.# ######
################## ###.# #.....
.................#####...###.####
.............)okh#...........#
%.....##...5...5@#.#.#...##..#
.........>.).))..[.#{##...#..#
..............#..###5#.......####
..............#..# #.##......[...
.................# #5###.##.#.###
################## #.# #.##.#.##.
# #.# #.# #####..# #.###.##.#.##.
# #.# #.# #......# #..55....#.##.
###.###.# #.###.## ####5..###....


You could see a swamp drake, an orc, a friendly wolf, a friendly crimson imp and
a friendly white imp.

Vanquished Creatures
  Eustachio (D:4)
  A hungry ghost (D:8)
  Edmund (D:5)
  2 ogres
  A crocodile (Sewer)
  2 centaurs (D:9)
  3 bullfrogs
  Dowan (D:6)
  3 scorpions (D:6)
  A wight (D:6)
  A crimson imp (D:5)
  A howler monkey (D:5)
  5 orc priests
  2 hounds
  4 orc wizards
  Terence (D:2)
  3 iguanas
  4 worker ants
  2 mummies (Ossuary)
  A worker ant zombie (D:7)
  2 gnolls (D:3)
  9 adders
  A shadow imp (D:9)
  7 leopard geckos
  12 orcs
  A bat skeleton (D:2)
  A bat zombie (D:2)
  5 giant cockroaches
  4 goblins
  3 hobgoblins
  8 kobolds
  2 ball pythons
  11 bats
  A frilled lizard (D:1)
  A giant cockroach zombie (D:2)
  A gnoll skeleton (Ossuary)
  A goblin skeleton (Ossuary)
  2 kobold skeletons (Ossuary)
  An orc skeleton (Ossuary)
  4 rats
  4 rat skeletons (Ossuary)
  2 rat zombies (D:5)
123 creatures vanquished.

Vanquished Creatures (collateral kills)
  A hill giant (D:9)
  The ghost of Tramtrist the Covert, a novice SpAs of Trog (D:8)
  Grinder (D:4)
  2 hippogriffs (D:8)
  Sigmund (D:6)
  Menkaure (D:5)
  Duvessa (D:6)
  An orc warrior (D:6)
  3 phantoms
  A necrophage (D:6)
  3 centaurs
  3 ogres
  A bullfrog (D:5)
  3 scorpions
  The ghost of dscm the Skirmisher, a weakling HOFi (D:3)
  2 killer bees (D:9)
  3 wights
  A crimson imp (D:6)
  3 howler monkeys
  A quasit (D:8)
  A hound (D:9)
  A jelly (D:9)
  Crazy Yiuf (D:6)
  3 orc priests
  A bullfrog skeleton (D:7)
  4 orc wizards
  An iguana (D:6)
  2 worker ants (D:7)
  A hound skeleton (D:6)
  10 mummies (Ossuary)
  2 gnolls (D:3)
  5 adders
  3 shadow imps
  An ooze (D:4)
  An adder zombie (D:2)
  A worm (D:3)
  A dart slug (D:1)
  3 leopard geckos
  14 orcs
  A bat zombie (D:2)
  3 goblins
  11 hobgoblins
  4 kobolds
  A quokka (D:2)
  A ball python (D:3)
  A ball python zombie (D:6)
  7 bats
  3 frilled lizards
  A goblin skeleton (Ossuary)
  A kobold skeleton (Ossuary)
  A leopard gecko zombie (D:5)
  An orc skeleton (Ossuary)
  A quokka zombie (D:8)
  2 rats
  7 rat skeletons (Ossuary)
136 creatures vanquished.

Vanquished Creatures (others)
  5 dream sheep (D:7)
5 creatures vanquished.

Grand Total: 264 creatures vanquished

Notes
Turn   | Place    | Note
-------+----------+-------------------------------------------
     0 | D:1      | sveltemanboy the Draconian Summoner began the quest for the Orb.
     0 | D:1      | Reached XP level 1. HP: 14/14 MP: 3/3
   100 | D:1      | Reached skill level 1 in Fighting
   293 | D:1      | Reached XP level 2. HP: 23/23 MP: 0/5
   351 | D:1      | Learned a level 2 spell: Call Imp
   958 | D:1      | HP: 1/24 [poisoned by a goblin]
  1322 | D:2      | Reached XP level 3. HP: 29/29 MP: 2/6
  1369 | D:2      | Noticed Terence
  1960 | D:2      | Killed Terence
  1960 | D:2      | Reached skill level 5 in Summonings
  1960 | D:2      | Reached XP level 4. HP: 11/36 MP: 1/7
  2204 | D:2      | Learned a level 3 spell: Call Canine Familiar
  2777 | D:3      | Noticed dscm's ghost (weakling HOFi)
  2816 | D:3      | Killed dscm's ghost
  3009 | D:3      | Reached XP level 5. HP: 8/41 MP: 0/8
  3244 | D:3      | Reached skill level 6 in Summonings
  3322 | D:3      | Found a glowing drain.
  3338 | Sewer    | Entered a sewer
  3375 | Sewer    | Noticed a crocodile
  3397 | Sewer    | Killed a crocodile
  3397 | Sewer    | Reached XP level 6. HP: 30/48 MP: 5/9
  3662 | D:3      | Found an iron altar of Okawaru.
  3662 | D:3      | Found a basalt altar of Yredelemnul.
  3663 | D:3      | Found a radiant altar of Vehumet.
  3834 | D:4      | Found Hudexzaedgh's Book Boutique.
  3857 | D:4      | Found Iloarun's Distillery.
  3909 | D:4      | Found Divis's Gadget Shoppe.
  4176 | D:4      | Noticed Grinder
  4176 | D:4      | Noticed Eustachio
  4226 | D:4      | Killed Grinder
  4226 | D:4      | Reached skill level 7 in Summonings
  4244 | D:4      | Killed Eustachio
  4244 | D:4      | Reached skill level 8 in Summonings
  4244 | D:4      | Your scales start taking on a lurid green colour.
  4244 | D:4      | Reached XP level 7. HP: 13/55 MP: 0/10
  4244 | D:4      | Gained mutation: Your system is resistant to poisons. (rPois) [Green Draconian growth]
  4720 | D:4      | Found Rimeyx's General Store.
  4732 | D:4      | Bought a scroll of remove curse for 42 gold pieces
  4732 | D:4      | Bought a scroll of noise for 14 gold pieces
  5021 | D:4      | Found Bimu's Gadget Boutique.
  5025 | D:4      | Found a staircase to the Ecumenical Temple.
  5034 | Temple   | Entered the Ecumenical Temple
  5077 | Temple   | Became a worshipper of Ashenzari the Shackled
  5586 | D:5      | Entered Level 5 of the Dungeon
  5742 | D:5      | Found a sand-covered staircase.
  5755 | Ossuary  | Entered an ossuary
  6036 | Ossuary  | Reached skill level 9 in Summonings
  6069 | Ossuary  | Learned a level 4 spell: Summon Ice Beast
  6549 | D:5      | Found a white marble altar of Elyvilon.
  6673 | D:5      | Noticed Menkaure
  6682 | D:5      | Killed Menkaure
  6682 | D:5      | Reached XP level 8. HP: 25/61 MP: 4/11
  6998 | D:5      | Noticed Edmund
  7025 | D:5      | Killed Edmund
  7042 | D:5      | Reached skill level 10 in Summonings
  7138 | D:5      | Found a sacrificial altar of Ru.
  7270 | D:5      | Reached skill level 1 in Polearms
  7486 | D:6      | Found a shattered altar of Ashenzari.
  7569 | D:6      | Noticed Sigmund
  7598 | D:6      | Killed Sigmund
  7826 | D:6      | Found a burning altar of Makhleb.
  7827 | D:6      | Reached * piety under Ashenzari
  8246 | D:6      | Found a runed door.
  8250 | D:6      | Noticed Crazy Yiuf
  8258 | D:6      | Killed Crazy Yiuf
  8393 | D:6      | Reached XP level 9. HP: 38/67 MP: 3/12
  8454 | D:6      | Reached skill level 5 in Polearms
  8526 | D:6      | Noticed Duvessa
  8530 | D:6      | Noticed Dowan
  8540 | D:6      | Killed Dowan
  8547 | D:6      | Killed Duvessa
  8641 | D:6      | Learned a level 2 spell: Repel Missiles
  8684 | D:6      | Found a bloodstained altar of Trog.
  8996 | D:7      | Found a shimmering altar of Xom.
  9030 | D:7      | Reached skill level 11 in Summonings
  9623 | D:8      | Noticed Tramtrist's ghost (novice SpAs)
  9692 | D:8      | Killed Tramtrist's ghost
  9793 | D:8      | Found a sparkling altar of Nemelex Xobeh.
  9800 | D:8      | Reached ** piety under Ashenzari
 10504 | D:9      | Found Lups's Food Emporium.
 10620 | D:9      | Found a glowing golden altar of the Shining One.
 10663 | D:9      | Noticed a hill giant
 10676 | D:9      | Killed a hill giant
 10676 | D:9      | Reached XP level 10. HP: 62/73 MP: 9/13
 10896 | D:9      | Found a staircase to the Orcish Mines.
 10975 | D:9      | Slain by a swamp drake

Skill      XL: |  1  2  3  4  5  6  7  8  9 |
---------------+----------------------------+-----
Fighting       | 1 2 |  2.0
Dodging        | 2 3 |  3.0
Summonings     | 5 6 8 9 10 11 | 11.6
Polearms       | 4 8 |  8.9
Stealth        | |  1.7
Spellcasting   | |  2.0

Action                   |  1- 3 |  4- 6 |  7- 9 | 10-12 || total
-------------------------+-------+-------+-------+-------++-------
Melee: Unarmed           |    88 |       |       |       ||    88
       Tailslap          |     8 |    17 |    32 |     5 ||    62
       Dagger            |    44 |   143 |   246 |       ||   433
       Trident           |       |       |   210 |    36 ||   246
 Cast: Summon Small Mamm |    42 |     5 |     5 |       ||    52
       Call Imp          |    13 |    15 |    37 |     5 ||    70
       Call Canine Famil |       |    11 |    40 |     2 ||    53
       Repel Missiles    |       |       |     1 |     1 ||     2
Invok: Curse Item        |       |       |     4 |       ||     4
 Abil: Breathe Noxious F |       |       |     1 |       ||     1
  Use: Potion            |     6 |     3 |     5 |     1 ||    15
       Scroll            |       |     1 |    13 |     1 ||    15
 Stab: Sleeping          |     2 |     4 |    15 |     1 ||    22
       Distracted        |     1 |       |    10 |     1 ||    12
  Eat: Chunk             |     2 |     7 |    21 |     2 ||    32
       Bread ration      |     1 |       |       |       ||     1
       Fruit             |       |       |     8 |       ||     8
       Pizza             |       |       |     1 |       ||     1
Armor: Skin              |    47 |    52 |    87 |     8 ||   194
Dodge: Dodged            |   135 |   114 |   229 |    43 ||   521
       Deflected         |       |       |       |     3 ||     3
